 Dungeon Crawl Stone Soup version 0.27.1-3-gb3d3a73c9e (webtiles) character file.

Game seed: 6080151125885756282

177 jjjjhere the Magician (level 5, -4/25 HPs)
             Began as a Deep Elf Air Elementalist on Oct 21, 2021.
             Drowned by a quicksilver ooze (5 damage)
             ... created by the vengeance of Jiyva
             ... on level 2 of the Dungeon.
             The game lasted 00:05:52 (3553 turns).

jjjjhere the Magician (Deep Elf Air Elementalist)   Turns: 3553, Time: 00:05:52

Health: -4/25      AC:  2    Str:  5    XL:     5   Next: 31%
Magic:  0/15       EV: 12    Int: 19    God:
Gold:   61         SH:  0    Dex: 15    Spells: 5/15 levels left

rFire    . . .     SeeInvis .   c - +1 dagger
rCold    . . .     Faith    .   (no shield)
rNeg     . . .     Spirit   .   a - +0 robe
rPois    .         Reflect  .   (no helmet)
rElec    .         Harm     .   (no cloak)
rCorr    .         Rampage  .   (no gloves)
Will     .....     Rnd*Rage +   (no boots)
Stlth    ++........             (no amulet)
HPRegen  0.08/turn              (no ring)
MPRegen  0.14/turn              (no ring)

@: engulfed (cannot breathe)
A: berserk 1, dopey 1, frail 1
a: no special abilities


You were on level 2 of the Dungeon.
You visited 1 branch of the dungeon, and saw 3 of its levels.

You collected 61 gold pieces.

Inventory:

Hand Weapons
 c - a +1 dagger (weapon)
Missiles
 b - 83 stones
 d - 7 poisoned darts
Armour
 a - a +0 robe (worn)
Potions
 e - a potion of resistance
 f - 4 potions of heal wounds {unknown}
 g - a potion of cancellation {unknown}
 j - 3 potions of brilliance {unknown}


   Skills:
 - Level 2.4 Dodging
 - Level 2.4 Stealth
 + Level 5.7 Spellcasting
 - Level 1.1 Conjurations
 + Level 4.7 Air Magic


You had 5 spell levels left.
You knew the following spells:

 Your Spells              Type           Power      Damage    Failure   Level
a - Shock                 Conj/Air       64%        1d7       3%          1
b - Static Discharge      Conj/Air       16%        N/A       5%          2
c - Swiftness             Air            23%        N/A       4%          3
d - Airstrike             Air            11%        N/A       16%         4

Your spell library contained the following spells:

 Spells                   Type           Power      Damage    Failure   Level


Dungeon Overview and Level Annotations

Branches:
Dungeon (3/15)

Altars:
Jiyva

Shops:
D:1 :

Annotations:
D:3 Sigmund


Innate Abilities, Weirdness & Mutations

You tend to lose your temper in combat.
You are dopey. (Int -2)
You are frail. (-10% HP)


Message History

Casting: Shock (safe; 3% risk of failure)
Confirm with . or Enter, or press ? or * to list all spells.
The spell is extremely dangerous to cast (17% risk of failure)!
Continue anyway?
Aiming: Airstrike (extremely dangerous; 17% risk of failure)
Press: ? - help, Dir - move target, f - Natasha
Aim: Natasha (wandering, hasn't noticed you)
You miscast Airstrike.
You are very lightly contaminated with residual magic.
Nothing appears to happen.
Natasha hisses angrily.
Casting: Airstrike (extremely dangerous; 17% risk of failure)
Confirm with . or Enter, or press ? or * to list all spells.
The spell is extremely dangerous to cast (17% risk of failure)!
Continue anyway?
Aiming: Airstrike (extremely dangerous; 17% risk of failure)
Press: ? - help, Dir - move target, f/p - Natasha
Aim: Natasha The air twists around and strikes Natasha!
Natasha is almost dead.
Casting: Airstrike (extremely dangerous; 17% risk of failure)
Confirm with . or Enter, or press ? or * to list all spells.
The spell is extremely dangerous to cast (17% risk of failure)!
Continue anyway?
Aiming: Airstrike (extremely dangerous; 17% risk of failure)
Press: ? - help, Dir - move target, f/p - Natasha
Aim: Natasha (almost dead)
The air twists around and strikes Natasha!
You kill Natasha!
Natasha screams in fury as she dies!
You start resting.
Your magical contamination has completely faded away.
You start resting.
Some slimes ooze up out of the ground!
A quicksilver ooze comes into view.
The quicksilver ooze hits you!!
Ouch! That really hurt!
* * * LOW HITPOINT WARNING * * *
The quicksilver ooze engulfs you! The quicksilver ooze hits you.
* * * LOW HITPOINT WARNING * * *
You feel your power leaking away.
There is a stone staircase leading up, spattered with blood here.
You die...

..##.# #.........#
######.####### ..##.#
#.........# #....#........
..##.# #.........#
#.##.######### ..##.#
#.........# #.#...........
..##.#
#.........###.#..#.#.#.###
#.##.#
#...........#.#..#........
...#.#
#...........#.#..#.#######
...#.###...........#..........#
#
.......#.......J@#####..#.###.#
# ...#.#.#.........# #..#†# #.#
# .....#.#.#############..#.#
#.### .....#.#.# ####......#.#
#.... .....#.#.# #.......#.#.#
#.### ...#.#.#.# #.......#.#.#
#.# ...#.#.#.# #.......#.#.#
#.# ...#.#.#.#########.####.#.#
#.# ...#>#.#......####.# #.#.#
#.#


You could see a quicksilver ooze.

Vanquished Creatures
  A jelly (D:1)
  Jessica (D:2)
  Natasha (twice) (D:2)
  A gnoll (D:1)
  4 adders (D:2)
  2 dart slugs
  7 ball pythons
  5 endoplasms
  5 giant cockroaches
  3 goblins
  5 hobgoblins
  3 jackals
  2 quokkas (D:2)
  5 bats
  4 frilled lizards
  3 kobolds
  3 rats
56 creatures vanquished.

Notes
Turn   | Place    | Note
-------+----------+-------------------------------------------
     0 | D:1      | jjjjhere the Deep Elf Air Elementalist began the quest for
                  | the Orb.
     0 | D:1      | Reached XP level 1. HP: 10/10 MP: 6/6
   301 | D:1      | Reached XP level 2. HP: 15/15 MP: 0/8
   791 | D:1      | Reached skill level 4 in Spellcasting
   791 | D:1      | Reached XP level 3. HP: 19/19 MP: 3/10
   869 | D:1      | Found Goptodgh's Book Boutique.
   885 | D:1      | Found a faded altar of an unknown god.
   893 | D:1      | Became a worshipper of Jiyva Joceom the Shapeless
   893 | D:1      | Reached * piety under Jiyva
   972 | D:1      | Fell from the grace of Jiyva
  1665 | D:2      | Gained mutation: You are dopey. (Int -2) [mutagenic glow]
  1675 | D:2      | Gained mutation: You are frail. (-10% HP) [mutagenic glow]
  1882 | D:2      | Learned a level 2 spell: Static Discharge
  1886 | D:2      | Learned a level 3 spell: Swiftness
  1890 | D:2      | Reached XP level 4. HP: 21/21 MP: 9/12
  1895 | D:2      | Learned a level 4 spell: Airstrike
  2369 | D:2      | Gained mutation: You tend to lose your temper in combat.
                  | [mutagenic glow]
  2370 | D:2      | Reached skill level 5 in Spellcasting
  2524 | D:3      | Noticed Sigmund
  2524 | D:3      | Noticed Jessica
  2530 | D:2      | Killed Jessica
  2677 | D:3      | Noticed a phantom
  2813 | D:3      | Noticed Natasha
  3025 | D:3      | Noticed an ogre
  3364 | D:2      | Killed Natasha
  3365 | D:2      | Reached XP level 5. HP: 23/25 MP: 4/15
  3510 | D:2      | Noticed Natasha
  3513 | D:2      | Killed Natasha
  3548 | D:2      | Noticed a quicksilver ooze
  3552 | D:2      | HP: 5/25 [quicksilver ooze[the vengeance of Jiyva] (20)]
  3552 | D:2      | HP: 1/25 [quicksilver ooze[the vengeance of Jiyva] (4)]
  3553 | D:2      | Drowned by a quicksilver ooze

Illustrated notes

Levels and vault maps discovered:
D:1:      elethiomel_arrival_shortcut, layout_basic,
          shapermc_ecumenical_altar_venn, serial_shops, shop,
          hangedman_decor_clover_reticule, kennysheep_crisscross
D:2:      layout_basic
D:3:      layout_rooms, uniq_natasha, uniq_sigmund, uniq_jessica

Skill      XL: |  1  2  3  4 |
---------------+-------------+-----
Spellcasting   | 4 5 |  5.7
Air Magic      | 4 |  4.7
Dodging        | |  2.4
Stealth        | |  2.4
Conjurations   | |  1.1

Action                   |  1- 3 |  4- 6 || total
-------------------------+-------+-------++-------
 Cast: Shock             |    86 |    29 ||   115
       Airstrike         |       |     6 ||     6
Invok: Renounce Religion |     1 |       ||     1
  Use: Scroll            |     1 |     4 ||     5
Armor: Robe              |     1 |     5 ||     6
Dodge: Dodged            |    11 |    17 ||    28
